AoeStats
← WoTown

Arena

506968517Analyzed
1v1 RM · 17d ago on Sep 16, 2026· 53m 56s· 2 players
Game mode
Random Map
Map size
Tiny (2 player)
Population
200
Speed
Normal
Resources
Standard
Victory
Conquest
Starting age
Dark Age
Ending age
Imperial Age
RankedLock teamsTeams togetherTeam positionsShared explorationLock speedFull tech treeHidden civsTurbo modeCheats
Victory
Defeat
🇺🇾 Cumans · Uruguay
752
+16
🇺🇸 Malay · United States
745
-16
WoTown
10:49 Feudal Age
10:17 Loom
11:26 Horse Collar
11:34 Double-Bit Axe
19:20 Castle Age
18:25 Light Cavalry
22:34 Bow Saw
26:40 Forging
27:44 Husbandry
31:15 Imperial Age
29:36 Ballistics
31:29 Redemption
33:34 Onager
39:29 Chemistry
40:28 Pikeman
41:09 Squires
41:18 Fletching
41:29 Padded Archer Armor
42:35 Iron Casting
43:15 Conscription
44:19 Ballistics
44:41 Wheelbarrow
45:09 Halberdier
52:16 Gold Mining
52:06 Elite Skirmisher
Kakeiro
7:17 Loom
10:35 Feudal Age
11:24 Double-Bit Axe
18:05 Castle Age
16:08 Horse Collar
17:13 Gold Mining
19:52 Wheelbarrow
21:09 Bloodlines
20:46 Town Watch
23:37 Stone Mining
24:23 Gold Shaft Mining
25:18 Hand Cart
26:29 Town Patrol
27:36 Forging
27:31 Scale Barding Armor
31:31 Imperial Age
30:24 Iron Casting
30:43 Bow Saw
31:15 Heavy Plow
32:35 Masonry
33:39 Chain Barding Armor
34:20 Blast Furnace
32:43 Elite Steppe Lancer
33:53 Conscription
35:14 Steppe Husbandry
35:56 Plate Barding Armor
38:18 Chemistry
42:03 Hoardings
43:30 Fletching
43:41 Padded Archer Armor
45:51 Bodkin Arrow
46:12 Leather Archer Armor
48:57 Parthian Tactics
48:38 Thumb Ring
49:14 Ring Archer Armor
Connection lost

Rejoining the realm…

Still unreachable

The connection could not be restored.

Session expired

The server has moved on; the page needs a fresh start.